 Dungeon Crawl Stone Soup version 0.30.1-4-g462c640d31 (webtiles) character file.

Game seed: 14880791253041230536

49730 Glaurung the Severer (level 14, -12/135 HPs)
             Began as a Minotaur Berserker on Sept 14, 2023.
             Was a High Priest of Trog.
             Killed from afar by a shard shrike (25 damage)
             ... with a shard of ice
             ... in an ice cave on Sept 15, 2023.
             The game lasted 01:03:59 (18145 turns).

Glaurung the Severer (Minotaur Berserker)          Turns: 18145, Time: 01:04:04

Health: -12/135    AC: 37    Str: 26    XL:     14   Next: 17%
Magic:  13/13      EV: 15    Int:  6    God:    Trog [*****.]
Gold:   869        SH:  0    Dex: 11    Spells: 13/13 levels left

rFire   + . .        W - +2 war axe (freeze)
rCold   + . .        Y - orb {light}
rNeg    . . .        Z - +2 crystal plate armour {rC+}
rPois   .            I - +2 hat
rElec   .            O - +0 cloak
rCorr   .            b - +0 pair of gloves
SInv    .            w - +5 pair of boots "Inuo" {rF+ Will- Regen+ Int+2}
Will    .....        (no amulet) Stlth
                     G - +4 ring of slaying
HPRegen 1.22/turn    C - +5 ring of evasion
MPRegen 0.13/turn

%: no passive effects
@: on berserk cooldown, slowed, glowing, very slow
A: horns 2, retaliatory headbutt
a: Renounce Religion, Berserk, Trog's Hand, Brothers in Arms


You were in an ice cave.
You worshipped Trog.
Trog was extremely pleased with you.
You visited 1 branch of the dungeon, and saw 14 of its levels.
You also visited: Sewer, Ossuary and Ice Cave.

You collected 1349 gold pieces.
You spent 480 gold pieces at shops.

Inventory:

Hand Weapons
 a - a +2 morningstar of freezing
 u - a +0 battleaxe
 F - a +0 war axe of electrocution
 W - a +2 war axe of freezing (weapon)
Missiles
 l - 25 poisoned darts (quivered)
Armour
 b - a +0 pair of gloves (worn)
 h - a +0 tower shield
 j - a +2 scale mail of poison resistance
 k - a scarf of repulsion
 s - a +1 pair of boots of stealth
 w - the +5 pair of boots "Inuo" (worn) {rF+ Will- Regen+ Int+2}
   (You found it on level 14 of the Dungeon)

   Int:       It affects your intelligence (+2).
   rF:        It protects you from fire.
   Regen:     It increases your rate of health regeneration.
   Will:      It decreases your willpower.
 I - a +2 hat (worn)
 O - a +0 cloak (worn)
 S - a +3 chain mail of fire resistance
 Y - an orb of light (worn)
 Z - a +2 crystal plate armour of cold resistance (worn)
Jewellery
 o - a ring of protection from fire
 C - a +5 ring of evasion (right hand)
 G - a +4 ring of slaying (left hand)
 N - the ring of Dutocach {rF+ Int+6 Dex+2}
   (You found it in an ice cave)

   [ring of intelligence]

   Int:       It affects your intelligence (+6).
   Dex:       It affects your dexterity (+2).
   rF:        It protects you from fire.
Wands
 d - a wand of digging (3)
 m - a wand of paralysis (7)
 D - a wand of roots (11)
Scrolls
 c - 7 scrolls of enchant weapon
 f - 8 scrolls of teleportation
 g - 3 scrolls of vulnerability
 r - 2 scrolls of blinking
 t - 2 scrolls of fog {unknown}
 v - 5 scrolls of poison
 x - 3 scrolls of fear
 y - a scroll of magic mapping
 z - 3 scrolls of immolation {unknown}
 A - a scroll of summoning
 E - 4 scrolls of enchant armour
 J - a scroll of silence {unknown}
 Q - a scroll of brand weapon {unknown}
 R - 3 scrolls of amnesia {unknown}
Potions
 e - 5 potions of curing
 i - 6 potions of mutation
 n - 4 potions of lignification
 p - 3 potions of ambrosia
 q - 4 potions of might
 B - a potion of magic {unknown}
 H - 5 potions of resistance
 K - 2 potions of invisibility {unknown}
 L - 3 potions of heal wounds {unknown}
 M - a potion of cancellation {unknown}
 P - a potion of brilliance {unknown}
 T - a potion of attraction {unknown}
 U - 2 potions of berserk rage {unknown}
 X - 2 potions of haste {unknown}
Miscellaneous
 V - a condenser vane


   Skills:
 + Level 15.3 Fighting
 + Level 15.3 Axes
 + Level 15.1 Armour
 + Level 13.9 Dodging


You had 13 spell levels left.
You didn't know any spells.
Your spell library was empty.

Dungeon Overview and Level Annotations

Branches:
Dungeon (14/15)            Temple (0/1) D:7            Lair (0/5) D:11
    Orc (0/2) D:12         Vaults (0/5) D:13          Sewer (visited)
Ossuary (visited)           IceCv (1/1)

Altars:
Cheibriados
Dithmenos
Elyvilon
Kikubaaqudgha
Makhleb
Okawaru
Qazlal
Ru
Uskayaw
Vehumet
Wu Jian
Xom

Shops:
D:7 *   D:10 [

Portals:
Trove: D:12 (give 8 scrolls of blinking)

Annotations:
D:12 3 runed translucent doors, kalagan's ghost, journeyman DECj


Innate Abilities, Weirdness & Mutations

You have a pair of horns on your head.
You reflexively headbutt those who attack you in melee.


Message History

The shard shrike claws you but does no damage. x2
Your skin stops crawling.
You feel less strong-willed. The shard shrike closely misses you.
You furiously retaliate!
You headbutt the shard shrike! The shard shrike barely misses you.
You hit the shard shrike.
The shard shrike is heavily wounded.
The shard shrike claws you but does no damage.
The shard shrike claws you but does no damage.
The shard shrike completely misses you.
The shard shrike claws you but does no damage.
The shard shrike completely misses you. You furiously retaliate!
You headbutt the shard shrike!
The shard shrike claws you but does no damage.
The shard shrike spits a shard of ice at you.
The shard of ice misses you. The shard shrike closely misses you.
The shard shrike claws you. The shard shrike freezes you!! You resist.
The shard shrike claws you but does no damage.
The shard shrike closely misses you.
The shard shrike claws you but does no damage.
You see here 9 gold pieces.
You see here 15 gold pieces.
You closely miss the shard shrike.
The shard shrike is heavily wounded.
The shard shrike claws you but does no damage.
The shard shrike spits a shard of ice at you.
The shard of ice hits you. You partially resist.
The shard shrike claws you but does no damage.
You see here 9 gold pieces.
You hit the shard shrike.
The shard shrike is heavily wounded.
The shard shrike barely misses you.
You miss the shard shrike.
The shard shrike is moderately wounded.
The shard shrike spits a shard of ice at you.
The shard of ice hits you!!! You partially resist.
* * * LOW HITPOINT WARNING * * *
The shard shrike spits a shard of ice at you.
The shard of ice hits you!! You partially resist.
You die...

##..## ##[##.#
#....# #.##..#
#....## ##.##.##
###.....# #.###..#
#.......## ##.[##...
#........# #..#÷.#..
#....##..###.#.#.#..
#..b####..#..######.
#..@$# ##...##≈##≈#.
#)$$$# ##.##≈≈#≈≈##
#)=}## ###≈≈≈≈≈≈##
#[:!##### *#≈≈≈≈≈≈#.
##)##≈#≈##*≈≈≈≈≈≈≈#.
##..≈≈≈≈#*≈≈≈≈≈≈~~#
##≈≈≈≈≈##≈≈≈≈≈≈~~#
#≈≈≈≈≈≈.*#≈≈≈≈≈#~~
##≈≈≈≈≈*###≈≈≈###†


You could see a shard shrike (catching breath).

Vanquished Creatures
  A white draconian (IceCv)
  Snorg (D:11)
  3 vault guards (D:13)
  An ogre mage (D:14)
  3 hydras
  5 ironbound frosthearts (IceCv)
  5 boulder beetles
  8 two-headed ogres
  A centaur warrior (D:14)
  2 swamp dragons (shapeshifter)
  An orange crystal statue (IceCv)
  A wizard (D:14)
  Pikel (D:8)
  8 ugly things (IceCv)
  A salamander (shapeshifter) (D:13)
  2 manticores
  A cyclops (D:13)
  A guardian serpent (shapeshifter) (D:14)
  A rime drake (shapeshifter) (D:13)
  Maggie (D:8)
  14 rime drakes (IceCv)
  A komodo dragon (D:13)
  3 tengu conjurers
  23 polar bears (IceCv)
  A hornet (D:9)
  4 trolls
  10 slime creatures (D:12)
  A vampire (D:6)
  A shadow (D:12)
  2 wraiths
  17 yaks
  A wyvern (D:11)
  8 humans (D:13)
  A steam dragon (D:7)
  13 vampire mosquitoes
  2 basilisks
  2 acid dragons
  A water moccasin (D:8)
  Pargi (Sewer)
  8 orc warriors
  2 ice beasts
  A sky beast (D:7)
  2 black bears
  8 ogres
  2 lemures (D:8)
  9 centaurs
  A phantom (D:5)
  5 kobold brigands
  2 elf zombies (Ossuary)
  Blork the orc (D:4)
  A bullfrog (D:8)
  4 scorpions
  11 wights
  17 killer bees
  2 electric eels (D:7)
  A howler monkey (D:7)
  2 centaur zombies (Ossuary)
  A human zombie (Ossuary)
  A jelly (D:5)
  12 orc priests
  2 hounds (D:6)
  5 gnoll boudas
  A sleepcap (D:7)
  Jessica (D:3)
  Ijyb (D:4)
  An iguana (D:7)
  12 orc wizards
  3 hound zombies (Ossuary)
  3 mummies (Ossuary)
  11 gnolls
  6 adders
  3 white imps
  An ufetubus (D:6)
  4 adder zombies (Ossuary)
  3 worms
  3 dart slugs (D:1)
  46 orcs
  10 bats
  6 endoplasms
  2 giant cockroaches (D:3)
  8 hobgoblins
  4 jackals
  4 quokkas
  6 ball pythons
  5 frilled lizards
  6 goblins
  7 goblin zombies (Ossuary)
  4 hobgoblin zombies (Ossuary)
  A jackal zombie (Ossuary)
  34 kobolds
  2 kobold zombies (Ossuary)
  5 quokka zombies (Ossuary)
  8 rats
  6 rat zombies (Ossuary)
471 creatures vanquished.

Vanquished Creatures (collateral kills)
  A wight (D:9)
1 creature vanquished.

Vanquished Creatures (others)
  A human (D:13)
1 creature vanquished.

Grand Total: 473 creatures vanquished

Notes
Turn   | Place    | Note
-------+----------+-------------------------------------------
     0 | D:1      | Glaurung the Minotaur Berserker began the quest for the
                  | Orb.
     0 | D:1      | Reached XP level 1. HP: 19/19 MP: 0/0
   156 | D:1      | Reached XP level 2. HP: 20/27 MP: 1/1
   548 | D:1      | Reached ** piety under Trog
   601 | D:1      | Reached XP level 3. HP: 29/33 MP: 2/2
  1092 | D:2      | Found a shadowy altar of Dithmenos.
  1642 | D:3      | Noticed Jessica
  1643 | D:3      | Killed Jessica
  1644 | D:3      | Reached XP level 4. HP: 41/41 MP: 3/3
  1658 | D:3      | Reached XP level 5. HP: 26/47 MP: 4/4
  2289 | D:3      | Found a snail-covered altar of Cheibriados.
  2669 | D:3      | Reached *** piety under Trog
  3007 | D:4      | Noticed Blork the orc
  3015 | D:4      | Killed Blork the orc
  3016 | D:4      | Reached skill level 5 in Fighting
  3016 | D:4      | Reached skill level 5 in Axes
  3118 | D:4      | Found a glowing drain.
  3128 | Sewer    | Entered a sewer
  3197 | Sewer    | Noticed Pargi
  3203 | Sewer    | Killed Pargi
  3204 | Sewer    | Reached XP level 6. HP: 56/56 MP: 5/5
  3545 | D:4      | Noticed Ijyb
  3550 | D:4      | Killed Ijyb
  3774 | D:4      | Found a shimmering altar of Xom.
  3908 | D:5      | Entered Level 5 of the Dungeon
  3918 | D:5      | Noticed an ice beast
  3930 | D:5      | Killed an ice beast
  3931 | D:5      | Reached skill level 5 in Armour
  3931 | D:5      | Reached XP level 7. HP: 38/62 MP: 6/6
  4219 | D:5      | Found a white marble altar of Elyvilon.
  4262 | D:5      | Reached skill level 5 in Dodging
  4287 | D:5      | Found a shadowy altar of Dithmenos.
  4411 | D:5      | Found an ornate altar of the Wu Jian Council.
  4411 | D:5      | Found a hide-covered altar of Uskayaw.
  4792 | D:6      | Reached XP level 8. HP: 66/71 MP: 7/7
  5040 | D:6      | Found a sand-covered staircase.
  5055 | Ossuary  | Entered an ossuary
  5109 | Ossuary  | Reached **** piety under Trog
  5656 | D:6      | Found a radiant altar of Vehumet.
  5799 | D:6      | Reached XP level 9. HP: 80/81 MP: 8/8
  6017 | D:7      | Reached ***** piety under Trog
  6214 | D:7      | Found Kasmaoc's CLEARANCE SALE!.
  6309 | D:7      | Found a sacrificial altar of Ru.
  6838 | D:7      | Found a staircase to the Ecumenical Temple.
  7191 | D:8      | Noticed a manticore
  7196 | D:8      | Noticed Maggie
  7206 | D:8      | Killed a manticore
  7207 | D:8      | Reached XP level 10. HP: 50/91 MP: 9/9
  7211 | D:8      | Killed Maggie
  7760 | D:8      | Noticed Pikel
  7767 | D:8      | Killed Pikel
  7789 | D:8      | Reached skill level 10 in Axes
  7792 | D:8      | Reached skill level 10 in Fighting
  7937 | D:8      | Noticed a four-headed hydra
  7945 | D:8      | Killed a four-headed hydra
  8299 | D:8      | Reached skill level 10 in Armour
  9520 | D:9      | Reached XP level 11. HP: 92/101 MP: 10/10
  9968 | D:9      | Found a stormy altar of Qazlal.
 10186 | D:10     | Entered Level 10 of the Dungeon
 10374 | D:10     | Found Muitecza's Antique Armour Emporium.
 10384 | D:10     | Bought a pair of runed boots for 240 gold pieces
 10937 | D:10     | Found an iron altar of Okawaru.
 10941 | D:10     | Found an ancient bone altar of Kikubaaqudgha.
 10975 | D:10     | Found a burning altar of Makhleb.
 11157 | D:10     | Bought a runed chain mail for 240 gold pieces
 11237 | D:11     | Noticed a two-headed ogre
 11241 | D:11     | Killed a two-headed ogre
 11242 | D:11     | Reached skill level 10 in Dodging
 11386 | D:11     | Noticed Snorg
 11392 | D:11     | Killed Snorg
 11576 | D:11     | Found a staircase to the Lair.
 11577 | D:11     | Noticed a two-headed ogre
 11587 | D:11     | Killed a two-headed ogre
 11646 | D:11     | Noticed a boulder beetle
 11668 | D:11     | Killed a boulder beetle
 12282 | D:12     | Found a staircase to the Orcish Mines.
 12338 | D:12     | Found a runed translucent gate.
 12338 | D:12     | Found a runed translucent gate.
 12338 | D:12     | Found a runed translucent gate.
 12344 | D:12     | Noticed kalagan's ghost (journeyman DECj)
 12459 | D:12     | Noticed a boulder beetle
 12484 | D:12     | Killed a boulder beetle
 12485 | D:12     | Reached XP level 12. HP: 87/113 MP: 11/11
 12550 | D:12     | Noticed a boulder beetle
 12567 | D:12     | Killed a boulder beetle
 12865 | D:12     | Noticed a six-headed hydra
 12876 | D:12     | Killed an 11-headed hydra
 13628 | D:12     | Noticed a boulder beetle
 13643 | D:12     | Killed a boulder beetle
 13700 | D:12     | Found a portal to a secret trove of treasure.
 14155 | D:13     | Noticed a four-headed hydra
 14183 | D:13     | Killed a four-headed hydra
 15812 | D:13     | Noticed a vault guard
 15812 | D:13     | Noticed a vault guard
 15828 | D:13     | Killed a vault guard
 15834 | D:13     | Killed a vault guard
 15862 | D:13     | Identified the +6 great sword of Yfiuj {pain, rElec Int+2}
 15862 | D:13     | Noticed a vault guard
 15880 | D:13     | Killed a vault guard
 16115 | D:13     | Found a gate to the Vaults.
 16191 | D:14     | Noticed a two-headed ogre
 16191 | D:14     | Noticed a two-headed ogre
 16192 | D:14     | Noticed a two-headed ogre
 16194 | D:14     | Noticed an ogre mage
 16194 | D:14     | Noticed a two-headed ogre
 16194 | D:14     | Noticed a two-headed ogre
 16194 | D:14     | Noticed a two-headed ogre
 16196 | D:14     | Reached XP level 13. HP: 123/123 MP: 12/12
 16287 | D:14     | Identified the +5 pair of boots "Inuo" {rF+ Will- Regen+
                  | Int+2}
 16728 | D:14     | Found a frozen archway.
 16737 | IceCv    | Entered an ice cave
 17422 | IceCv    | Identified the ring of Dutocach {rF+ Int+6 Dex+2}
 17731 | IceCv    | Reached skill level 15 in Axes
 17751 | IceCv    | Reached skill level 15 in Fighting
 17815 | IceCv    | Noticed a white draconian
 17827 | IceCv    | Killed a white draconian
 17828 | IceCv    | Reached XP level 14. HP: 51/135 MP: 13/13
 18002 | IceCv    | Reached skill level 15 in Armour
 18123 | IceCv    | Noticed a shard shrike
 18145 | IceCv    | Killed from afar by a shard shrike

Illustrated notes

Levels and vault maps discovered:
D:1:      dpeg_arrival_snail, layout_basic, minmay_bisected
D:2:      layout_basic, basic_altar
D:3:      layout_basic, cheibriados_altar_1, hex_medium, uniq_jessica
D:4:      layout_loops_cross, mainiacjoe_overflow_alcove_4,
          cheibrodos_sewer_entry_sluice, uniq_blork_the_orc, uniq_ijyb
D:5:      layout_cave_pools, grunt_dithmenos_smoke,
          mainiacjoe_overflow_24_doors, gammafunk_temple_overflow_statue,
          chequers_serial_rivers_small_3
D:6:      layout_loops_cross, nicolae_vehumet_radiance,
          lightli_ossuary_entry_decrepit_ruins
D:7:      layout_loops_ring, nicolae_ru_awakened_eye,
          minmay_temple_entry_proselytizer, serial_bayou_pond_c,
          nicolae_shop_clearance
D:8:      kennysheep_seaside_town, layout_gridville, uniq_maggie, uniq_pikel
D:9:      layout_cave_pools, kennysheep_mini, minivault_16,
          grunt_decor_one_mirror, minivault_27
D:10:     layout_cave_pools, gammafunk_temple_overflow_forgotten, serial_shops,
          nicolae_shop_competitors_out_of_business, hangedman_decor_opposing
D:11:     layout_loops_ring, david_lair_generic, uniq_snorg
D:12:     layout_cave_pods, hiddenorc1_lemuel, nicolae_trove_entry_isolated,
          gammafunk_ghost_icy
D:13:     layout_irregular_city, ximxim_vaults_locker_room
D:14:     minmay_chopped_fan, layout_irregular_city,
          portal_ice_cave_entry_pillars_three
IceCv:    ice_cave_caverns_02

Skill      XL: |  1  2  3  4  5  6  7  8  9 10 11 12 13 14 |
---------------+-------------------------------------------+-----
Fighting       | 4 5 6 8 9 10 12 13 15 | 15.3
Axes           | 4 5 6 8 9 10 12 13 15 | 15.3
Armour         | 3 4 5 7 9 10 12 13 14 15 | 15.1
Dodging        | 3 4 5 6 8 9 11 12 13 | 13.9

Action                     |  1- 3 |  4- 6 |  7- 9 | 10-12 | 13-15 || total
---------------------------+-------+-------+-------+-------+-------++-------
  Melee: Hand axe          |    78 |    52 |       |       |       ||   130
         Headbutt          |    11 |    13 |    42 |   109 |    87 ||   262
         Battleaxe         |       |    39 |   265 |    36 |       ||   340
         War axe           |       |       |       |   403 |   292 ||   695
         Mace              |       |       |       |     5 |       ||     5
         Punch             |       |       |       |     3 |       ||     3
         Flail             |       |       |       |     7 |       ||     7
  Throw: Dart              |       |       |     9 |     1 |     3 ||    13
         Boomerang         |       |       |     6 |       |       ||     6
 Invoke: Trog's Hand       |     1 |     4 |     4 |    14 |     3 ||    26
         Berserk           |       |     3 |       |    10 |     5 ||    18
         Brothers in Arms  |       |       |       |     1 |       ||     1
    Use: Scroll            |       |       |     7 |    11 |     1 ||    19
   Stab: Distracted        |       |       |       |     1 |       ||     1
 Armour: Animal skin       |     9 |       |       |       |       ||     9
         Ring mail         |    13 |    34 |    81 |       |       ||   128
         Leather armour    |     4 |       |       |       |       ||     4
         Chain mail        |       |       |     3 |   164 |   156 ||   323
         Plate armour      |       |       |       |     8 |       ||     8
         Crystal plate arm |       |       |       |       |    17 ||    17
  Dodge: Dodged            |    67 |    61 |   242 |   410 |   310 ||  1090
